 Dungeon Crawl Stone Soup version 0.20.1-1-g8b1a95d (webtiles) character file.

1416 gobwax the Cleaver (level 8, -6/64 HPs)
             Began as a Hill Orc Fighter on Sept 7, 2017.
             Was a Follower of Beogh.
             Killed by divine providence
             ... invoked by an orc priest
              (9 damage)
             ... on level 6 of the Dungeon.
             The game lasted 00:11:06 (5052 turns).

gobwax the Cleaver (Hill Orc Fighter)               Turns: 5052, Time: 00:11:07

Health: -6/64      AC: 11    Str: 21    XL:     8   Next: 71%
Magic:  0/8        EV:  8    Int:  8    God:    Beogh [*.....]
Gold:   225        SH: 10    Dex: 15    Spells: 7/7 levels left

rFire    + . .     SeeInvis .   a - +1 war axe
rCold    . . .     Gourm    .   c - +1 shield
rNeg     + . .     Faith    .   q - +0 plate armour {rF+}
rPois    .         Spirit   +   (no helmet)
rElec    .         Reflect  .   (no cloak)
rCorr    .         Harm     .   (no gloves)
MR       .....                  (no boots)
Stlth    ..........             t - amulet of guardian spirit
Regen    0.2/turn               y - ring of positive energy
MPRegen  0.2/turn               (no ring)

@: agile, about to teleport, berserk cooldown, slowed, very slow
A: no striking features
a: Renounce Religion


You were on level 6 of the Dungeon.
You worshipped Beogh.
Beogh was aware of your devotion.
You were hungry.

You visited 1 branch of the dungeon, and saw 6 of its levels.

You collected 280 gold pieces.
You spent 55 gold pieces at shops.

Inventory:

Hand Weapons
 a - a +1 war axe (weapon)
Armour
 b - a +0 scale mail
 c - a +1 shield (worn)
 q - a +0 plate armour of fire resistance (worn)
 v - a +0 troll leather armour
 w - the +2 ring mail "Ixeto Qun" {*Slow rElec Dex+2}
   (You found it on level 4 of the Dungeon)

   It affects your dexterity (+2).
   It insulates you from electricity.
   It may slow you when you take damage.
Jewellery
 k - an uncursed ring of teleportation
 s - an uncursed ring of protection from cold
 t - an amulet of guardian spirit (around neck)
 u - an uncursed ring of flight
 x - an uncursed ring of fire
 y - a ring of positive energy (left hand)
 z - an uncursed ring of protection from magic {unknown}
Wands
 m - a wand of acid (5/15)
 o - a wand of enslavement (24/24)
 C - a wand of enslavement (7/24)
 E - a wand of acid (10/15)
Scrolls
 d - 2 scrolls of remove curse
 l - 3 scrolls of identify
 n - a scroll of teleportation
 A - a scroll of enchant weapon
 D - a scroll of amnesia
Potions
 e - a potion of curing
 h - a potion of cancellation
 p - a potion of invisibility {unknown}
 B - a potion of lignification {unknown}
Comestibles
 f - 6 bread rations
 g - a chunk of flesh
 i - 2 meat rations
 j - 9 fruits
 r - 2 royal jellies


   Skills:
 - Level 3.6 Fighting
 * Level 13.3 Axes
 - Level 3.2 Armour
 - Level 3.2 Shields


You had 7 spell levels left.
You didn't know any spells.

Dungeon Overview and Level Annotations

Branches:
Dungeon (6/15)             Temple (0/1) D:6

Altars:
Ashenzari

Shops:
D:4 =   D:5 *(?(


Message History

The orc warrior is moderately wounded.
You block the orc warrior's attack.
An orc and an orc priest come into view.
You slash the orc warrior!
The orc warrior is severely wounded.
You slash the orc priest! You block the orc warrior's attack.
The orc priest mumbles some strange prayers to Beogh against you.
Beogh smites you!
* * * LOW HITPOINT WARNING * * *
The orc warrior hits you but does no damage.
You hear a shout!
As you read the scroll of teleportation, it crumbles to dust.
You feel strangely unstable. You block the orc warrior's attack.
You block the orc priest's attack.
The orc warrior hits you from afar with a trident.
* * * LOW HITPOINT WARNING * * *
The orc priest mumbles some strange prayers to Beogh against you.
Beogh smites you!
You die...
Beogh appreciates the orc priest's killing of a heretic priest.

#.##....#.....
#.##....#.....
#.##....#.#...
##.###...#..... #..#
#...#...>. #..#
#...###### # ###..#
##........ # ####o...##
#........ ##
####..@oo#..####.......
.### #.....#####..#
#....... ...#
......####
#..#####....# ..#...
....## ##..#########
..# .. .## ##..........
...# ##..######## ...#
#..## ..## #### ###


You could see an orc warrior, an orc priest and an orc.

Vanquished Creatures
  A troll (D:6)
  Sigmund (D:4)
  Eustachio (D:4)
  A phantom (D:5)
  A centaur (D:5)
  Blork the orc (D:4)
  A scorpion (D:6)
  A howler monkey (D:6)
  A hound (D:5)
  A jelly (D:6)
  2 orc priests
  A centaur skeleton (D:4)
  3 orc wizards
  2 iguanas
  4 worker ants
  A hound zombie (D:5)
  A hound skeleton (D:6)
  6 adders
  2 oozes
  An adder zombie (D:5)
  An adder skeleton (D:6)
  2 worms
  2 dart slugs
  2 leopard geckos
  16 orcs
  6 bats
  3 giant cockroaches
  12 goblins
  5 hobgoblins
  5 jackals (D:2)
  7 kobolds
  A quokka (D:4)
  8 frilled lizards
  9 rats
112 creatures vanquished.

Vanquished Creatures (others)
  An orc (D:3)
1 creature vanquished.

Grand Total: 113 creatures vanquished

Notes
Turn   | Place    | Note
-------+----------+-------------------------------------------
     0 | D:1      | gobwax the Hill Orc Fighter began the quest for the Orb.
     0 | D:1      | Reached XP level 1. HP: 19/19 MP: 1/1
    38 | D:1      | Reached skill level 3 in Axes
   194 | D:1      | Reached XP level 2. HP: 26/26 MP: 2/2
   394 | D:1      | Reached skill level 4 in Axes
   976 | D:2      | Reached XP level 3. HP: 26/31 MP: 3/3
  1119 | D:2      | Reached skill level 5 in Axes
  1264 | D:2      | Reached XP level 4. HP: 39/39 MP: 4/4
  1648 | D:3      | Reached skill level 6 in Axes
  1706 | D:3      | Reached XP level 5. HP: 32/45 MP: 5/5
  1838 | D:3      | Became a worshipper of Beogh the Brigand
  2040 | D:3      | Reached skill level 7 in Axes
  2057 | D:4      | Reached skill level 8 in Axes
  2057 | D:4      | Reached XP level 6. HP: 8/51 MP: 6/6
  2398 | D:4      | Got an opal-studded ring mail
  2458 | D:4      | Identified the +2 ring mail "Ixeto Qun" {*Slow rElec Dex+2} (You found it on level 4 of the Dungeon)
  2519 | D:4      | Noticed Blork the orc
  2537 | D:4      | Killed Blork the orc
  2537 | D:4      | Reached skill level 9 in Axes
  2627 | D:4      | Noticed Eustachio
  2693 | D:4      | Killed Eustachio
  2693 | D:4      | Reached * piety under Beogh
  2693 | D:4      | Reached skill level 10 in Axes
  2693 | D:4      | Reached XP level 7. HP: 14/57 MP: 1/7
  2698 | D:4      | Found Gaagap's Jewellery Boutique.
  2788 | D:4      | Noticed Sigmund
  2803 | D:5      | Entered Level 5 of the Dungeon
  3063 | D:4      | Killed Sigmund
  3334 | D:5      | Reached skill level 11 in Axes
  3367 | D:5      | Reached XP level 8. HP: 31/64 MP: 4/8
  3486 | D:5      | Found Fibry's Magic Scroll Shoppe.
  3492 | D:5      | Bought a scroll of teleportation for 33 gold pieces
  3492 | D:5      | Bought a scroll of identify for 22 gold pieces
  3542 | D:5      | Reached skill level 12 in Axes
  3550 | D:5      | Found Zabled's Antique Weapon Emporium.
  3676 | D:5      | Found Muitupp's General Store.
  3878 | D:5      | Found Riusat's Antique Weapon Emporium.
  4341 | D:6      | Found a shattered altar of Ashenzari.
  4377 | D:6      | Noticed a troll
  4832 | D:6      | Found a staircase to the Ecumenical Temple.
  5037 | D:6      | Killed a troll
  5037 | D:6      | Reached skill level 13 in Axes
  5052 | D:6      | HP: 3/64 [orc warrior/trident (4)]
  5052 | D:6      | Killed from afar by an orc priest

Skill      XL: |  1  2  3  4  5  6  7  8 |
---------------+-------------------------+-----
Axes           | 3 4 5 6 8 10 11 13 | 13.3
Fighting       | |  3.6
Armour         | |  3.2
Shields        | |  3.2

Action                   |  1- 3 |  4- 6 |  7- 9 || total
-------------------------+-------+-------+-------++-------
Melee: War axe           |    93 |   157 |   134 ||   384
Invok: Convert to Beogh  |       |     1 |       ||     1
  Use: Scroll            |       |     6 |     4 ||    10
       Potion            |       |     4 |    11 ||    15
  Eat: Chunk             |     1 |     5 |     7 ||    13
Armor: Scale mail        |    40 |    34 |       ||    74
       Ring mail         |       |    35 |    20 ||    55
       Plate armour      |       |       |    26 ||    26
Dodge: Dodged            |    32 |    68 |    29 ||   129
Block: Shield            |    43 |    95 |    69 ||   207
